AoeStats
← Konrad

Arena

509963073Analyzed
4v4 RM · 3d ago on Sep 28, 2026· 46m 10s· 8 players
Game mode
Random Map
Map size
Large (8 player)
Population
200
Speed
Normal
Resources
Standard
Victory
Conquest
Starting age
Dark Age
Ending age
Imperial Age
RankedLock teamsTeams togetherTeam positionsShared explorationLock speedFull tech treeHidden civsTurbo modeCheats
Victory
Defeat
🇺🇸 Saxons · United States
957
+17
🇨🇳 Huns · China
917
+18
🇷🇺 Danes · Russia
915
+18
🇨🇱 Franks · Chile
897
+19
🇩🇪 Malians · Germany
981
-19
🇦🇷 Burgundians · Argentina
977
-18
🇨🇱 Bulgarians · Chile
968
-18
🇦🇷 Turks · Argentina
939
-17
Christ is Lord † |Acts 16:31
10:30 Feudal Age
15:41 Castle Age
13:33 Horse Collar
13:42 Double-Bit Axe
14:52 Gold Mining
17:39 Stone Mining
17:45 Loom
19:26 Heavy Plow
19:39 Bow Saw
19:40 Fletching
21:17 Bodkin Arrow
23:42 Padded Archer Armor
23:37 Town Watch
31:13 Scale Mail Armor
31:51 Forging
36:57 Imperial Age
35:27 Sanctity
35:56 Chain Mail Armor
卢本伟
10:14 Feudal Age
14:56 Castle Age
13:29 Gold Mining
13:33 Stone Mining
13:33 Double-Bit Axe
15:03 Horse Collar
16:09 Heavy Plow
24:11 Wheelbarrow
25:41 Gold Mining
26:13 Hand Cart
29:30 Imperial Age
27:46 Gold Shaft Mining
28:04 Marauders
29:58 Forging
29:54 Scale Barding Armor
30:08 Elite Tarkan
31:09 Conscription
31:26 Iron Casting
31:12 Bloodlines
31:03 Husbandry
32:00 Chain Barding Armor
32:17 Bow Saw
33:39 Blast Furnace
32:19 Light Cavalry
34:28 Plate Barding Armor
Completosinpalta
9:43 Feudal Age
14:34 Castle Age
12:22 Double-Bit Axe
13:25 Stone Mining
13:40 Gold Mining
25:00 Fletching
26:54 Loom
29:45 Scale Barding Armor
42:18 Chain Barding Armor
42:09 Forging
42:44 Wheelbarrow
42:52 Husbandry
45:07 Iron Casting
45:22 Hand Cart
45:52 Scale Mail Armor
49:09 Imperial Age
KOMMEPCAHT
11:05 Feudal Age
13:10 Double-Bit Axe
13:23 Horse Collar
15:59 Castle Age
14:57 Wheelbarrow
18:22 Hand Cart
23:32 Bow Saw
23:36 Heavy Plow
24:19 Loom
26:00 Gold Mining
26:03 Stone Mining
28:18 Murder Holes
31:08 Imperial Age
29:22 Forging
29:12 Scale Mail Armor
29:53 Gold Shaft Mining
29:53 Stone Shaft Mining
31:25 Arson
31:40 Squires
31:26 Gambesons
31:02 Pikeman
31:03 Man-at-Arms
31:11 Northmen's Fury
32:13 Conscription
32:04 Siege Engineers
31:33 Capped Ram
31:34 Onager
33:37 Chemistry
32:58 Ballistics
32:57 Chain Mail Armor
33:01 Heavy Scorpion
35:10 Siege Ram
35:54 Elite Varangian Guard
36:49 Arrowslits
36:54 Guard Tower
37:32 Siege Onager
QiQiKaKaGuGu
10:54 Feudal Age
15:08 Castle Age
13:32 Double-Bit Axe
15:11 Horse Collar
15:34 Loom
17:09 Bow Saw
18:57 Forging
18:48 Scale Mail Armor
26:54 Imperial Age
26:16 Heavy Plow
26:08 Gold Mining
32:58 Iron Casting
32:39 Chain Mail Armor
35:29 Elite Gbeto
37:25 Plate Mail Armor
Tom
7:02 Double-Bit Axe
10:40 Feudal Age
10:31 Gold Mining
11:52 Bow Saw
13:15 Stone Mining
15:45 Castle Age
17:40 Two-Man Saw
17:28 Fletching
19:44 Loom
20:02 Horse Collar
24:29 Wheelbarrow
25:39 Hand Cart
27:38 Scale Barding Armor
27:49 Forging
27:55 Heavy Plow
31:41 Imperial Age
32:34 Burgundian Vineyards
34:35 Crop Rotation
33:43 Elite Coustillier
35:16 Treadmill Crane
36:41 Iron Casting
36:27 Chain Barding Armor
ADORNI
1:44 Loom
11:22 Feudal Age
17:54 Castle Age
15:46 Double-Bit Axe
15:43 Horse Collar
16:49 Scale Barding Armor
17:02 Bloodlines
19:17 Husbandry
27:52 Wheelbarrow
31:35 Imperial Age
29:25 Hand Cart
29:02 Town Watch
30:29 Gold Mining
30:41 Heavy Plow
30:54 Bow Saw
32:57 Chain Barding Armor
35:21 Plate Barding Armor
35:33 Heavy Camel Rider
Konrad
12:14 Feudal Age
14:25 Wheelbarrow
13:44 Gold Mining
13:37 Horse Collar
13:46 Double-Bit Axe
15:05 Stone Mining
20:20 Castle Age
19:53 Scale Barding Armor
19:59 Forging
19:49 Scale Mail Armor
20:02 Bloodlines
19:39 Arson
21:55 Hand Cart
22:28 Gold Shaft Mining
22:05 Bow Saw
21:57 Heavy Plow
23:20 Chain Barding Armor
23:16 Chain Mail Armor
24:03 Stone Shaft Mining
24:05 Husbandry
25:54 Iron Casting
29:24 Imperial Age
27:26 Stirrups
28:39 Squires
29:33 Elite Konnik
30:35 Conscription
29:38 Capped Ram
31:23 Plate Barding Armor
31:12 Siege Ram
33:12 Blast Furnace
32:43 Plate Mail Armor
Connection lost

Rejoining the realm…

Still unreachable

The connection could not be restored.

Session expired

The server has moved on; the page needs a fresh start.